 Dungeon Crawl Stone Soup version 0.31-a0-176-g91f28db67f (webtiles) character file.

Game seed: 6599086878072238891

5677 qw the Skirmisher (level 10, -7/96 HPs)
             Began as a Naga Hunter on June 17, 2023.
             Was a Believer of Okawaru.
             Mangled by a yak (11 damage)
             ... on level 8 of the Dungeon.
             The game lasted 00:02:37 (6842 turns).

qw the Skirmisher (Naga Hunter)                     Turns: 6842, Time: 00:02:38

Health: -7/96      AC:  6    Str: 13    XL:     10   Next: 75%
Magic:  12/13      EV: 15    Int:  9    God:    Okawaru [**....]
Gold:   409        SH:  0    Dex: 20    Spells: 9/9 levels left

rFire   . . .        Y - +3 orcbow (flame)
rCold   . . .        (shield currently unavailable)
rNeg    . . .        c - +0 leather armour
rPois   +            (no helmet)
rElec   .            i - +0 cloak
rCorr   .            (no gloves)
SInv    +            (no barding)
Will    +....        l - amulet of regeneration
Stlth   +++          (no ring)
HPRegen 1.16/turn    (no ring)
MPRegen 0.13/turn

%: no passive effects
@: about to teleport, short of breath, heroic, very slow
A: AC +3, large, see invisible, deformed body, poison resistance, slowness 2,
spit poison 1, naga tail 1
a: Spit Poison, Renounce Religion, Heroism


You were on level 8 of the Dungeon.
You worshipped Okawaru.
Okawaru was pleased with you.
You visited 3 branches of the dungeon, and saw 10 of its levels.

You collected 409 gold pieces.


Innate Abilities, Weirdness & Mutations

Your serpentine skin is tough. (AC +3)
You have supernaturally acute eyesight. (SInv)
Armour fits poorly on your strangely shaped body.
Your system is resistant to poisons. (rPois)
You cover ground very slowly.
You can spit poison.
You have a snake-like lower body.


   Skills:
 - Level 8.1(13.1) Fighting
 + Level 11.7(16.7) Ranged Weapons
 - Level 1.1(6.1) Armour
 - Level 4.0(9.0) Dodging
 - Level 1.5(6.5) Stealth
 - Level 4.1 Invocations


You had 9 spell levels left.
You didn't know any spells.
Your spell library was empty.

Inventory:

Hand Weapons
 Y - a +3 orcbow of flaming (weapon)
Armour
 c - a +0 leather armour (worn)
 i - a +0 cloak (worn)
Jewellery
 l - an amulet of regeneration (around neck)
Scrolls
 b - 4 scrolls of identify
 d - 3 scrolls of teleportation
Potions
 a - 2 potions of mutation
 g - a potion of cancellation
 h - a potion of enlightenment

Dungeon Overview and Level Annotations

Branches:
Dungeon (8/15)             Temple (1/1) D:4            Lair (1/5) D:8

Altars:
Ashenzari
Cheibriados
Dithmenos
Gozag
Hepliaklqana
Kikubaaqudgha
Nemelex Xobeh
Okawaru
Ru
Sif Muna
Trog
Uskayaw
Vehumet
Wu Jian
Xom
Yredelemnul
Zin

Shops:
D:1 [

Annotations:
D:3 1 runed translucent door, Crazy Yiuf
D:8 3 runed translucent doors, qw's ghost, novice GrFi


Message History

You climb upwards.
Welcome back to the Dungeon!
Level annotation: 3 runed translucent doors, qw's ghost, novice GrFi
There is a staircase to the Lair, spattered with blood here.
6834 ||| INVOKING Heroism.
You gain the combat prowess of a mighty hero.
The yak gores you. The yak barely misses you. The yak closely misses you.
6835 ||| INVOKING Spit Poison.
Aiming: Spit Poison (1% risk of failure)
Press: ? - help, Shift-Dir - straight line, f - yak The splash of poison hits the yak but does no damage.
The yak is poisoned.
The yak gores you. The yak barely misses you. The yak gores you.
You shoot an arrow. The arrow hits the yak.
The arrow burns the yak.
The yak is lightly wounded.
The yak closely misses you. The yak misses you. The yak gores you!
You shoot an arrow.
The arrow hits the yak but does no damage.
The yak is lightly wounded.
You shoot an arrow. The arrow hits the yak.
The arrow burns the yak.
The yak is moderately wounded.
You have got your breath back.
The yak gores you! The yak gores you. x2
6839 ||| READING 4 scrolls of teleportation.
As you read the scroll of teleportation, it crumbles to dust.
You feel strangely unstable. The yak completely misses you.
The yak gores you but does no damage. The yak closely misses you.
6840 ||| INVOKING Spit Poison.
Aiming: Spit Poison (1% risk of failure)
Press: ? - help, Shift-Dir - straight line, f/p - yak The splash of poison misses the yak.
The yak closely misses you. x2; The yak barely misses you.
You shoot an arrow. The arrow hits the yak!
The arrow burns the yak.
The yak is severely wounded.
The yak closely misses you. The yak gores you. The yak gores you!
You shoot an arrow. The arrow hits the yak!
The arrow burns the yak.
You kill the yak!
Okawaru accepts your kill. The yak barely misses you. The yak gores you!
You die...

.######..##
####...#####+##
#.............#
#.#....###....#
# #.#...~...#.
..#..#...#..#
....#.##..P##.#
##?##....%%..^#
#. #~..Y@Y..~#
#%%..PPP..#
####.##..P##.#
..#..#%..#..#
#.#...~...#.
#....###... .
##
#............
.#
###.#####..#.
.# #..........


You could see 2 yaks.

Vanquished Creatures
  A two-headed ogre (D:8)
  Pikel (D:6)
  A hornet (D:8)
  A wyvern (D:8)
  7 yaks (D:8)
  Eustachio (D:6)
  A steam dragon (D:8)
  Edmund (D:6)
  2 water moccasins
  An orc warrior (D:7)
  3 ice beasts
  A sky beast (D:6)
  2 centaurs
  An ogre (D:6)
  A lemure (D:6)
  4 phantoms
  2 bullfrogs
  A scorpion (D:6)
  7 wights (D:7)
  5 killer bees
  4 howler monkeys
  An electric eel (Lair:1)
  7 orc priests
  3 hounds
  2 jellies (D:4)
  A gnoll bouda (D:5)
  3 sleepcaps
  Terence (D:3)
  3 iguanas (D:6)
  5 orc wizards
  3 gnolls (D:5)
  6 adders
  4 shadow imps
  A white imp (D:6)
  2 worms
  4 dart slugs
  18 orcs
  3 endoplasms
  4 giant cockroaches
  6 goblins
  4 hobgoblins
  4 kobolds
  5 quokkas
  5 ball pythons
  5 bats
  3 frilled lizards
  6 rats
  A rat zombie (D:8)
158 creatures vanquished.

Notes
Turn   | Place    | Note
-------+----------+-------------------------------------------
     0 | D:1      | qw the Naga Hunter began the quest for the Orb.
     0 | D:1      | Reached XP level 1. HP: 19/19 MP: 1/1
     0 | D:1      | 0 ||| qw: Version: 0.3-a-5-g6f28e65
     0 | D:1      | 0 ||| qw: Game counter: 482
     0 | D:1      | 0 ||| qw: Always use a shield: true
     0 | D:1      | 0 ||| qw: God list: Okawaru
     0 | D:1      | 0 ||| qw: Allow faded altars: false
     0 | D:1      | 0 ||| qw: Do Orc after D:15 true
     0 | D:1      | 0 ||| qw: Do second Lair branch before Depths: true
     0 | D:1      | 0 ||| qw: Lair rune preference: random
     0 | D:1      | 0 ||| qw: Plans: Normal
     0 | D:1      | 0 ||| PLANNING D:1-11
   114 | D:1      | 114 ||| INVOKING Spit Poison.
   127 | D:1      | 127 ||| INVOKING Spit Poison.
   132 | D:1      | 132 ||| INVOKING Spit Poison.
   182 | D:1      | Reached skill level 4 in Ranged Weapons
   182 | D:1      | Reached XP level 2. HP: 26/26 MP: 2/2
   203 | D:1      | 203 ||| INVOKING Spit Poison.
   224 | D:1      | 224 ||| INVOKING Spit Poison.
   230 | D:1      | 230 ||| INVOKING Spit Poison.
   235 | D:1      | 235 ||| INVOKING Spit Poison.
   241 | D:1      | 241 ||| INVOKING Spit Poison.
   358 | D:1      | 358 ||| INVOKING Spit Poison.
   375 | D:1      | Found Cuereypp's Armour Emporium.
   388 | D:1      | 388 ||| SHOPLISTING +0 pair of gloves (54 gold, have 33).
   428 | D:1      | 428 ||| INVOKING Spit Poison.
   499 | D:1      | 499 ||| INVOKING Spit Poison.
   613 | D:1      | 613 ||| INVOKING Spit Poison.
   615 | D:1      | Reached XP level 3. HP: 32/32 MP: 3/3
   674 | D:1      | 674 ||| INVOKING Spit Poison.
   798 | D:1      | 798 ||| INVOKING Spit Poison.
   808 | D:1      | 808 ||| DROPPING +6 ring of intelligence.
   809 | D:1      | 809 ||| READING scroll labelled XAF ZEULIERY.
   810 | D:1      | 810 ||| READING scroll labelled ARAXKIECVAL.
   811 | D:1      | 811 ||| DRINKING 2 cyan potions.
   812 | D:1      | 812 ||| DROPPING scroll of butterflies.
   885 | D:2      | 885 ||| INVOKING Spit Poison.
   934 | D:2      | 934 ||| INVOKING Spit Poison.
   944 | D:2      | 944 ||| INVOKING Spit Poison.
   947 | D:2      | 947 ||| INVOKING Spit Poison.
   948 | D:2      | 948 ||| INVOKING Spit Poison.
   980 | D:2      | 980 ||| INVOKING Spit Poison.
   987 | D:2      | Found a faded altar of an unknown god.
   998 | D:2      | 998 ||| INVOKING Spit Poison.
  1019 | D:2      | 1019 ||| INVOKING Spit Poison.
  1027 | D:2      | 1027 ||| INVOKING Spit Poison.
  1068 | D:2      | 1068 ||| INVOKING Spit Poison.
  1072 | D:2      | 1072 ||| INVOKING Spit Poison.
  1075 | D:2      | Reached skill level 5 in Ranged Weapons
  1075 | D:2      | Reached XP level 4. HP: 20/39 MP: 4/4
  1196 | D:2      | 1196 ||| INVOKING Spit Poison.
  1216 | D:2      | 1216 ||| INVOKING Spit Poison.
  1331 | D:2      | 1331 ||| READING scroll labelled INYFIL YQEOBAMP.
  1332 | D:2      | 1332 ||| READING scroll labelled DAENUMA VUWAM.
  1333 | D:2      | 1333 ||| READING 2 scrolls labelled IPPYKESUPH.
  1338 | D:2      | 1338 ||| READING scroll labelled GYACZI HOH WIZ.
  1339 | D:2      | 1339 ||| READING scroll labelled DIDGHI ZYLOE.
  1340 | D:2      | 1340 ||| READING 2 scrolls labelled DOBOITW JUEHECH.
  1341 | D:2      | 1341 ||| DROPPING scroll of amnesia.
  1357 | D:3      | 1357 ||| INVOKING Spit Poison.
  1403 | D:3      | 1403 ||| INVOKING Spit Poison.
  1411 | D:3      | Found a shadowy altar of Dithmenos.
  1509 | D:3      | 1509 ||| INVOKING Spit Poison.
  1568 | D:3      | 1568 ||| INVOKING Spit Poison.
  1598 | D:3      | 1598 ||| INVOKING Spit Poison.
  1651 | D:3      | 1651 ||| INVOKING Spit Poison.
  1735 | D:3      | Noticed Terence
  1736 | D:3      | 1736 ||| INVOKING Spit Poison.
  1737 | D:3      | 1737 ||| Stepping ~*~*~tactically~*~*~ (outnumbered).
  1742 | D:3      | 1742 ||| INVOKING Spit Poison.
  1746 | D:3      | Killed Terence
  1747 | D:3      | Reached skill level 3 in Fighting
  1747 | D:3      | Reached XP level 5. HP: 26/49 MP: 5/5
  1891 | D:3      | Found an ancient bone altar of Kikubaaqudgha.
  1936 | D:3      | Identified the +6 hammer "Jooj Ili" {drain, Drain rF++}
  1939 | D:3      | Found a runed translucent door.
  1940 | D:3      | Noticed Crazy Yiuf
  2099 | D:3      | 2099 ||| INVOKING Spit Poison.
  2103 | D:3      | 2103 ||| INVOKING Spit Poison.
  2236 | D:3      | 2236 ||| READING scroll labelled FILEBYSIRGH.
  2317 | D:3      | 2317 ||| READING scroll labelled MYPREO OBULIE.
  2418 | D:3      | 2418 ||| DRINKING 2 bubbling coppery potions.
  2419 | D:3      | 2419 ||| READING 3 scrolls of identify.
  2419 | D:3      | 2419 ||| IDENTIFYING metallic purple potion
  2420 | D:3      | 2420 ||| READING 2 scrolls of identify.
  2420 | D:3      | 2420 ||| IDENTIFYING black potion
  2421 | D:3      | 2421 ||| DROPPING potion of brilliance.
  2516 | D:4      | 2516 ||| INVOKING Spit Poison.
  2522 | D:4      | 2522 ||| INVOKING Spit Poison.
  2529 | D:4      | 2529 ||| INVOKING Spit Poison.
  2553 | D:4      | 2553 ||| Stepping ~*~*~tactically~*~*~ (outnumbered).
  2554 | D:4      | 2554 ||| INVOKING Spit Poison.
  2558 | D:4      | 2558 ||| INVOKING Spit Poison.
  2561 | D:4      | 2561 ||| INVOKING Spit Poison.
  2564 | D:4      | 2564 ||| INVOKING Spit Poison.
  2570 | D:4      | 2570 ||| INVOKING Spit Poison.
  2573 | D:4      | 2573 ||| INVOKING Spit Poison.
  2577 | D:4      | 2577 ||| INVOKING Spit Poison.
  2717 | D:4      | Noticed a phantom
  2725 | D:4      | Killed a phantom
  2726 | D:4      | Reached skill level 6 in Ranged Weapons
  2726 | D:4      | Reached XP level 6. HP: 39/56 MP: 6/6
  2795 | D:4      | Found a staircase to the Ecumenical Temple.
  2796 | D:4      | 2796 ||| PLANNING TEMPLE
  2802 | D:4      | 2802 ||| INVOKING Spit Poison.
  2806 | Temple   | Entered the Ecumenical Temple
  2900 | Temple   | 2900 ||| PLANNING D:1-11
  2926 | D:4      | 2926 ||| SWAPPING to +0 orcbow.
  2927 | D:4      | 2927 ||| DROPPING +0 shortbow.
  2977 | D:4      | Found a shimmering altar of Xom.
  2981 | D:4      | 2981 ||| INVOKING Spit Poison.
  3041 | D:4      | Found an opulent altar of Gozag.
  3047 | D:4      | Found an opulent altar of Gozag.
  3047 | D:4      | Found an opulent altar of Gozag.
  3051 | D:4      | 3051 ||| INVOKING Spit Poison.
  3055 | D:4      | 3055 ||| INVOKING Spit Poison.
  3124 | D:4      | Found an opulent altar of Gozag.
  3206 | D:4      | Found a sparkling altar of Nemelex Xobeh.
  3222 | D:4      | 3222 ||| INVOKING Spit Poison.
  3490 | D:5      | Entered Level 5 of the Dungeon
  3499 | D:5      | 3499 ||| STAIRDANCE
  3512 | D:4      | Reached XP level 7. HP: 20/64 MP: 7/7
  3688 | D:5      | Found an iron altar of Okawaru.
  3723 | D:5      | 3723 ||| INVOKING Spit Poison.
  3760 | D:5      | 3760 ||| INVOKING Spit Poison.
  3790 | D:5      | 3790 ||| PLANNING OKAWARU WORSHIP
  3790 | D:5      | 3790 ||| INVOKING Spit Poison.
  3797 | D:5      | Reached skill level 7 in Ranged Weapons
  3814 | D:5      | 3814 ||| INVOKING Spit Poison.
  3820 | D:5      | 3820 ||| INVOKING Spit Poison.
  3909 | D:5      | 3909 ||| READING 3 scrolls of identify.
  3909 | D:5      | 3909 ||| IDENTIFYING inky potion
  3910 | D:5      | 3910 ||| READING 2 scrolls of identify.
  3910 | D:5      | 3910 ||| IDENTIFYING lumpy grey potion
  3911 | D:5      | 3911 ||| DROPPING potion of lignification.
  3921 | D:5      | Became a worshipper of Warmaster Okawaru
  3922 | D:5      | 3922 ||| PLANNING D:1-11
  3963 | D:5      | 3963 ||| INVOKING Spit Poison.
  4167 | D:5      | 4167 ||| INVOKING Spit Poison.
  4237 | D:5      | Reached skill level 8 in Ranged Weapons
  4237 | D:5      | Reached XP level 8. HP: 72/72 MP: 8/8
  4479 | D:5      | 4479 ||| UPGRADING to amulet of regeneration.
  4484 | D:5      | 4484 ||| READING scroll labelled ENI ADIOSU.
  4485 | D:5      | 4485 ||| READING scroll labelled ZOEREM WOIMOUNERUA.
  4486 | D:5      | 4486 ||| READING scroll labelled VIPRIC WAHATOSUA.
  4487 | D:5      | 4487 ||| READING scroll labelled FEOCZO OGUURE.
  4555 | D:6      | 4555 ||| READING scroll of enchant weapon.
  4555 | D:6      | 4555 ||| ENCHANTING +1 orcbow of flaming.
  4577 | D:6      | 4577 ||| INVOKING Spit Poison.
  4586 | D:6      | 4586 ||| INVOKING Spit Poison.
  4604 | D:6      | 4604 ||| READING scroll of enchant weapon.
  4604 | D:6      | 4604 ||| ENCHANTING +2 orcbow of flaming.
  4660 | D:6      | Noticed Edmund
  4663 | D:6      | 4663 ||| INVOKING Spit Poison.
  4666 | D:6      | 4666 ||| INVOKING Spit Poison.
  4671 | D:6      | 4671 ||| INVOKING Spit Poison.
  4672 | D:6      | HP: 17/73 [Edmund/+2 flail of distortion (12)]
  4673 | D:6      | 4673 ||| READING 6 scrolls of teleportation.
  4674 | D:6      | Killed Edmund
  4782 | D:6      | Noticed Eustachio
  4785 | D:6      | 4785 ||| INVOKING Spit Poison.
  4792 | D:6      | 4792 ||| INVOKING Spit Poison.
  4794 | D:6      | Killed Eustachio
  4794 | D:6      | Reached * piety under Okawaru
  4812 | D:6      | 4812 ||| INVOKING Spit Poison.
  4812 | D:6      | Noticed Pikel
  4813 | D:6      | 4813 ||| INVOKING Heroism.
  4820 | D:6      | 4820 ||| INVOKING Spit Poison.
  4822 | D:6      | Killed Pikel
  4823 | D:6      | Reached skill level 9 in Ranged Weapons
  4823 | D:6      | Reached skill level 3 in Invocations
  4823 | D:6      | Reached XP level 9. HP: 81/81 MP: 6/11
  4848 | D:6      | Reached ** piety under Okawaru
  4849 | D:6      | Reached skill level 3 in Dodging
  4859 | D:6      | 4859 ||| INVOKING Heroism.
  4860 | D:6      | 4860 ||| INVOKING Spit Poison.
  4869 | D:6      | 4869 ||| INVOKING Spit Poison.
  4960 | D:6      | 4960 ||| INVOKING Spit Poison.
  4969 | D:6      | 4969 ||| INVOKING Spit Poison.
  5114 | D:6      | 5114 ||| INVOKING Heroism.
  5118 | D:6      | 5118 ||| INVOKING Spit Poison.
  5119 | D:6      | Reached skill level 6 in Fighting
  5160 | D:6      | 5160 ||| INVOKING Spit Poison.
  5257 | D:6      | 5257 ||| INVOKING Spit Poison.
  5300 | D:6      | 5300 ||| INVOKING Heroism.
  5301 | D:6      | 5301 ||| INVOKING Spit Poison.
  5367 | D:6      | Found a hide-covered altar of Uskayaw.
  5373 | D:6      | 5373 ||| UPGRADING to +0 cloak.
  5378 | D:6      | 5378 ||| READING 5 scrolls of identify.
  5378 | D:6      | 5378 ||| IDENTIFYING pink potion
  5448 | D:7      | 5448 ||| INVOKING Spit Poison.
  5452 | D:7      | Reached skill level 1 in Armour
  5454 | D:7      | 5454 ||| STAIRDANCE
  5456 | D:6      | 5456 ||| INVOKING Heroism.
  5457 | D:6      | 5457 ||| INVOKING Spit Poison.
  5498 | D:7      | 5498 ||| INVOKING Spit Poison.
  5500 | D:7      | 5500 ||| STAIRDANCE
  5502 | D:6      | 5502 ||| INVOKING Heroism.
  5503 | D:6      | 5503 ||| INVOKING Spit Poison.
  5508 | D:6      | 5508 ||| INVOKING Spit Poison.
  5551 | D:7      | 5551 ||| INVOKING Heroism.
  5552 | D:7      | 5552 ||| INVOKING Spit Poison.
  5556 | D:7      | 5556 ||| DRINKING potion of curing.
  5556 | D:7      | 5556 ||| (to cure confusion)
  5559 | D:7      | 5559 ||| INVOKING Spit Poison.
  5601 | D:7      | 5601 ||| INVOKING Spit Poison.
  5602 | D:7      | 5602 ||| INVOKING Heroism.
  5607 | D:7      | 5607 ||| INVOKING Spit Poison.
  5615 | D:7      | Reached skill level 10 in Ranged Weapons
  5615 | D:7      | 5615 ||| INVOKING Spit Poison.
  5620 | D:7      | 5620 ||| INVOKING Spit Poison.
  5664 | D:7      | 5664 ||| INVOKING Spit Poison.
  5690 | D:7      | 5690 ||| INVOKING Heroism.
  5692 | D:7      | 5692 ||| INVOKING Spit Poison.
  5878 | D:7      | Reached XP level 10. HP: 84/94 MP: 13/13
  6152 | D:8      | 6152 ||| PLANNING OSSUARY
  6152 | D:8      | 6152 ||| INVOKING Heroism.
  6153 | D:8      | 6153 ||| INVOKING Spit Poison.
  6163 | D:8      | 6163 ||| INVOKING Spit Poison.
  6179 | D:8      | 6179 ||| INVOKING Spit Poison.
  6183 | D:8      | 6183 ||| INVOKING Heroism.
  6184 | D:8      | 6184 ||| INVOKING Spit Poison.
  6224 | D:8      | Found a basalt altar of Yredelemnul.
  6246 | D:8      | Noticed a two-headed ogre
  6247 | D:8      | 6247 ||| INVOKING Heroism.
  6248 | D:8      | 6248 ||| INVOKING Spit Poison.
  6257 | D:8      | 6257 ||| INVOKING Spit Poison.
  6258 | D:8      | Killed a two-headed ogre
  6259 | D:8      | Reached skill level 11 in Ranged Weapons
  6445 | D:8      | 6445 ||| INVOKING Spit Poison.
  6464 | D:8      | Found a runed translucent gate.
  6464 | D:8      | Found a runed translucent gate.
  6465 | D:8      | Found a runed translucent gate.
  6466 | D:8      | Found an opulent altar of Gozag.
  6471 | D:8      | Noticed qw's ghost (novice GrFi)
  6552 | D:8      | Found a staircase to the Lair.
  6558 | D:8      | 6558 ||| INVOKING Spit Poison.
  6566 | D:8      | 6566 ||| INVOKING Spit Poison.
  6572 | D:8      | 6572 ||| INVOKING Spit Poison.
  6580 | D:8      | 6580 ||| INVOKING Spit Poison.
  6584 | D:8      | 6584 ||| INVOKING Heroism.
  6589 | D:8      | 6589 ||| INVOKING Spit Poison.
  6590 | D:8      | HP: 20/96 [yak (13)]
  6591 | D:8      | 6591 ||| READING 5 scrolls of teleportation.
  6592 | D:8      | 6592 ||| DRINKING potion of heal wounds.
  6713 | D:8      | 6713 ||| RIP OSSUARY
  6737 | D:8      | 6737 ||| PLANNING LAIR
  6766 | Lair:1   | Entered Level 1 of the Lair of Beasts
  6767 | Lair:1   | 6767 ||| INVOKING Heroism.
  6771 | Lair:1   | 6771 ||| INVOKING Spit Poison.
  6778 | Lair:1   | 6778 ||| STAIRDANCE
  6780 | D:8      | 6780 ||| INVOKING Spit Poison.
  6832 | Lair:1   | 6832 ||| STAIRDANCE
  6834 | D:8      | 6834 ||| INVOKING Heroism.
  6835 | D:8      | 6835 ||| INVOKING Spit Poison.
  6838 | D:8      | HP: 20/96 [yak (12)]
  6839 | D:8      | 6839 ||| READING 4 scrolls of teleportation.
  6840 | D:8      | 6840 ||| INVOKING Spit Poison.
  6841 | D:8      | HP: 3/96 [yak (8)]
  6842 | D:8      | Mangled by a yak

Levels and vault maps discovered:
D:1:      saegor_arrival_under_anarchy, layout_loops_ring, serial_shops,
          nicolae_shop_advertising_works [nicolae_subvault_shop_adworks],
          minmay_tromino_i4
D:2:      layout_basic, chequers_ecumenical_altar_island,
          chequers_hall_statues_y
D:3:      layout_basic, grunt_dithmenos_smoke_and_mirrors,
          mainiacjoe_overflow_six_doors_small, kennysheep_donut,
          uniq_crazy_yiuf_cottage, uniq_terence
D:4:      layout_loops_ring, general_overflow_altar, nemelex_spade_bored_becter,
          nicolae_gozag_conspicuous_consumption, minmay_temple_entry_mini_moons
D:5:      layout_basic, lemuel_doored_altar, minivault_19,
          minmay_misc_feat_nine_boxes
D:6:      layout_basic, mainiacjoe_overflow_alcove_2, uniq_edmund, uniq_pikel,
          uniq_eustachio
D:7:      layout_loops_ring
D:8:      layout_loops_corners, mainiacjoe_overflow_small_starburst,
          dpeg_oklobed_lair, ebering_ghost_gozag, enter_ossuary_3, serial_shops,
          shop
Temple:   hellmonk_temple_beads
Lair:1:   layout_chaotic_city, serial_bayou_shore_a, uniq_fannar

Skill      XL: |  1  2  3  4  5  6  7  8  9 10 |
---------------+-------------------------------+-----
Ranged Weapons | 4 5 6 8 9 10 11 | 11.7
Fighting       | 3 4 5 7 8 |  8.1
Dodging        | 2 3 4 |  4.0
Invocations    | 3 4 |  4.1
Armour         | 1 |  1.1
Stealth        | |  1.5

Action                     |  1- 3 |  4- 6 |  7- 9 | 10-12 || total
---------------------------+-------+-------+-------+-------++-------
   Fire: Shortbow          |    56 |    75 |       |       ||   131
         Orcbow            |       |    44 |   219 |    81 ||   344
 Invoke: Heroism           |       |       |     9 |     6 ||    15
Ability: Spit Poison       |    24 |    27 |    37 |    16 ||   104
    Use: Scroll            |     2 |    10 |    10 |     2 ||    24
         Potion            |     1 |     1 |     1 |     1 ||     4
 Armour: Leather armour    |     6 |    10 |    24 |    13 ||    53
  Dodge: Dodged            |    10 |    30 |    63 |    41 ||   144

Table legend:
 A = Non-vault XP
 B = Vault XP
 C = Vault XP percentage of total XP
 D = Non-vault monster count
 E = Vault monster count
 F = Vault count percentage of total count
                 A         B        C        D         E       F
            +---------+---------+-------+---------+---------+-------
      Total |    7305 |    1008 |  12.1 |     149 |       8 |   5.1
            +---------+---------+-------+---------+---------+-------
        D:1 |      34 |       5 |  12.8 |      19 |       3 |  13.6
        D:2 |      59 |       0 |   0.0 |      15 |       0 |   0.0
        D:3 |      48 |      36 |  42.9 |      12 |       1 |   7.7
        D:4 |     455 |       0 |   0.0 |      20 |       0 |   0.0
        D:5 |     682 |       0 |   0.0 |      14 |       0 |   0.0
        D:6 |    1092 |     966 |  46.9 |      27 |       3 |  10.0
        D:7 |    1420 |       0 |   0.0 |      24 |       0 |   0.0
        D:8 |    3377 |       1 |   0.0 |      16 |       1 |   5.9
     Lair:1 |     138 |       0 |   0.0 |       2 |       0 |   0.0
            +---------+---------+-------+---------+---------+-------
